APL (24 & UNDER)
PENSACOLA PILOTS @ DETROIT DIRTY SNOW
09/06/2030
 
TOP OF THE 1ST
Pensacola Pilots batting - Pitching for Detroit Dirty Snow : RHP Ánibal Medina
Pitching: RHP Ánibal Medina
Batting: SHB Jack Hendrix 0-0: Ball
1-0: Foul Ball, location: 2F
1-1: Swinging Strike
1-2: Foul Ball, location: 2F
1-2: Ball
2-2: SINGLE (Groundball, 3D)
Batting: SHB Carlos González 0-0: Ball
1-0: SINGLE (Groundball, 3L) (infield hit)
Jack Hendrix to second
Batting: LHB Preston Hamilton 0-0: Ball
1-0: Ball
2-0: Grounds into double play, 4-6-3 (Groundball, 4)
Jack Hendrix to third
Batting: RHB Timothy Foster 0-0: Called Strike
0-1: SINGLE (Line Drive, 89S)
Jack Hendrix scores
Batting: LHB Joe Vásquez 0-0: Ball
Timothy Foster is caught stealing 2nd base
Top of the 1st over - 1 run, 3 hits, 0 errors, 0 left on base; Pensacola 1 - Detroit 0
BOTTOM OF THE 1ST
Detroit Dirty Snow batting - Pitching for Pensacola Pilots : LHP Paul Mallette
Pitching: LHP Paul Mallette
Batting: RHB José Wills 0-0: Fly out, F6 (Popup, P)
Batting: RHB Mauro Peña 0-0: Ball
1-0: Called Strike
1-1: Foul Ball, location: 2F
1-2: Ground out 6-3 (Groundball, 6)
Batting: RHB Gustavo López 0-0: Ground out 6-3 (Groundball, 56)
Bottom of the 1st over - 0 runs, 0 hits, 0 errors, 0 left on base; Pensacola 1 - Detroit 0
TOP OF THE 2ND
Pensacola Pilots batting - Pitching for Detroit Dirty Snow : RHP Ánibal Medina
Batting: LHB Joe Vásquez 0-0: Called Strike
0-1: Foul Ball, location: 2F
0-2: Strikes out swinging
Batting: RHB José Ramos 0-0: Swinging Strike
0-1: Ball
1-1: Swinging Strike
1-2: Foul Ball, location: 2F
1-2: Strikes out swinging
Batting: RHB George Martin 0-0: Ball
1-0: Ball
2-0: Called Strike
2-1: Swinging Strike
2-2: Ball
3-2: Base on Balls
Batting: RHB Felipe Hernández 0-0: Called Strike
0-1: Ball
1-1: Ball
2-1: Swinging Strike
2-2: Strikes out swinging
Top of the 2nd over - 0 runs, 0 hits, 0 errors, 1 left on base; Pensacola 1 - Detroit 0
BOTTOM OF THE 2ND
Detroit Dirty Snow batting - Pitching for Pensacola Pilots : LHP Paul Mallette
Batting: SHB Víctor Torres 0-0: Called Strike
0-1: Ball
1-1: Foul Ball, location: 2F
1-2: Ball
2-2: Foul Ball, location: 2F
2-2: Ball
3-2: Strikes out swinging
Batting: RHB Phil Poole 0-0: Ball
1-0: Swinging Strike
1-1: Swinging Strike
1-2: Ball
2-2: Ball
3-2: Base on Balls
Batting: LHB Al Cramer 0-0: Called Strike
0-1: Foul Ball, location: 2F
0-2: Ball
1-2: Ball
2-2: Foul Ball, location: 2F
2-2: Foul Ball, location: 2F
2-2: Strikes out swinging
Batting: RHB António Aguilera 0-0: Ball
1-0: Called Strike
Phil Poole steals 2nd base
1-1: Foul Ball, location: 2F
1-2: Foul Ball, location: 2F
1-2: Foul Ball, location: 2F
1-2: Ball
2-2: Foul Ball, location: 2F
2-2: Foul Ball, location: 2F
2-2: SINGLE (Flyball, 9S)
Phil Poole to third
Runner from 3rd tries for Home, SAFE, throw made home
Batting: LHB Joe Hanson 0-0: Ball
1-0: Foul Ball, location: 2F
1-1: Swinging Strike
1-2: SINGLE (Groundball, 3) (infield hit)
António Aguilera to second
Batting: LHB Luis Salazar 0-0: Called Strike
0-1: Ground out 4-3 (Groundball, 4D)
Bottom of the 2nd over - 1 run, 2 hits, 0 errors, 2 left on base; Pensacola 1 - Detroit 1
TOP OF THE 3RD
Pensacola Pilots batting - Pitching for Detroit Dirty Snow : RHP Ánibal Medina
Batting: RHB Javier Senteno 0-0: Called Strike
0-1: Ball
1-1: Fly out, F9 (Flyball, 89S)
Batting: SHB Jack Hendrix 0-0: SOLO HOME RUN (Line Drive, 9D), Distance : 370 ft
Batting: SHB Carlos González 0-0: Ball
1-0: Fly out, F9 (Flyball, 89S)
Batting: LHB Preston Hamilton 0-0: Ball
1-0: Ball
2-0: Called Strike
2-1: Swinging Strike
2-2: Foul Ball, location: 2F
2-2: Ground out 6-3 (Groundball, 6)
Top of the 3rd over - 1 run, 1 hit, 0 errors, 0 left on base; Pensacola 2 - Detroit 1
BOTTOM OF THE 3RD
Detroit Dirty Snow batting - Pitching for Pensacola Pilots : LHP Paul Mallette
Batting: RHB José Wills 0-0: SOLO HOME RUN (Flyball, 7LD), Distance : 366 ft
Batting: RHB Mauro Peña 0-0: Ground out 6-3 (Groundball, 6)
Batting: RHB Gustavo López 0-0: Foul Ball, location: 2F
0-1: Fly out, F7 (Flyball, 7S)
Batting: SHB Víctor Torres 0-0: Called Strike
0-1: Called Strike
0-2: SINGLE (Flyball, 8LS)
Batting: RHB Phil Poole 0-0: Ball
1-0: DOUBLE (Groundball, 5L)
Víctor Torres to third
Runner from 3rd tries for Home, SAFE, no throw
Batting: LHB Al Cramer 0-0: Ball
1-0: Ball
2-0: Ball
3-0: SINGLE (Groundball, 4MD)
Phil Poole to third
Runner from 3rd tries for Home, SAFE, throw made home
Batting: RHB António Aguilera 0-0: SINGLE (Groundball, 6D)
Al Cramer to second
Batting: LHB Joe Hanson 0-0: Ball
1-0: Ball
2-0: Swinging Strike
2-1: Ball
3-1: Base on Balls
Al Cramer to third
António Aguilera to second
Batting: LHB Luis Salazar 0-0: Ball
1-0: Fielders Choice at 2nd, 5-4 (Groundball, 5L)
Bottom of the 3rd over - 3 runs, 5 hits, 0 errors, 3 left on base; Pensacola 2 - Detroit 4
TOP OF THE 4TH
Pensacola Pilots batting - Pitching for Detroit Dirty Snow : RHP Ánibal Medina
Batting: RHB Timothy Foster 0-0: Ball
1-0: Foul Ball, location: 2F
1-1: Ball
2-1: Ball
3-1: Reached on error, E4 (Groundball, 4S)
Batting: LHB Joe Vásquez 0-0: Grounds into double play, 4-6-3 (Groundball, 4M)
Batting: RHB José Ramos 0-0: Swinging Strike
0-1: Swinging Strike
0-2: Foul Ball, location: 2F
0-2: Ball
1-2: Foul Ball, location: 2F
1-2: Strikes out swinging
Top of the 4th over - 0 runs, 0 hits, 1 error, 0 left on base; Pensacola 2 - Detroit 4
BOTTOM OF THE 4TH
Detroit Dirty Snow batting - Pitching for Pensacola Pilots : LHP Paul Mallette
Batting: RHB José Wills 0-0: Swinging Strike
0-1: Foul Ball, location: 2F
0-2: Ball
1-2: Ball
2-2: Strikes out swinging
Batting: RHB Mauro Peña 0-0: Fly out, F7 (Flyball, 78S)
Batting: RHB Gustavo López 0-0: Foul Ball, location: 2F
0-1: Fly out, F6 (Line Drive, 6)
Bottom of the 4th over - 0 runs, 0 hits, 0 errors, 0 left on base; Pensacola 2 - Detroit 4
TOP OF THE 5TH
Pensacola Pilots batting - Pitching for Detroit Dirty Snow : RHP Ánibal Medina
Batting: RHB George Martin 0-0: Foul Ball, location: 2F
0-1: Ball
1-1: Ball
2-1: Ball
3-1: Ground out 5-3 (Groundball, 56S)
Batting: RHB Felipe Hernández 0-0: Called Strike
0-1: Swinging Strike
0-2: Foul Ball, location: 2F
0-2: Ball
1-2: Ball
2-2: Ground out 1-3 (Groundball, 15)
Batting: RHB Javier Senteno 0-0: Ball
1-0: Ball
2-0: Swinging Strike
2-1: Foul Ball, location: 2F
2-2: Foul Ball, location: 2F
2-2: Strikes out swinging
Top of the 5th over - 0 runs, 0 hits, 0 errors, 0 left on base; Pensacola 2 - Detroit 4
BOTTOM OF THE 5TH
Detroit Dirty Snow batting - Pitching for Pensacola Pilots : LHP Paul Mallette
Batting: SHB Víctor Torres 0-0: Fly out, F8 (Line Drive, 78M)
Batting: RHB Phil Poole 0-0: Foul Ball, location: 2F
0-1: Fly out, F9 (Line Drive, 9)
Batting: LHB Al Cramer 0-0: Ground out U3 (Groundball, 34)
Bottom of the 5th over - 0 runs, 0 hits, 0 errors, 0 left on base; Pensacola 2 - Detroit 4
TOP OF THE 6TH
Pensacola Pilots batting - Pitching for Detroit Dirty Snow : RHP Ánibal Medina
Batting: SHB Jack Hendrix 0-0: Ball
1-0: Ball
2-0: Swinging Strike
2-1: Ball
3-1: Called Strike
3-2: SINGLE (Line Drive, 8LS)
Batting: SHB Carlos González 0-0: Swinging Strike
0-1: Grounds into double play, 4-6-3 (Groundball, 4)
Batting: LHB Preston Hamilton 0-0: Ball
1-0: Ground out 3-1 (Groundball, 34)
Top of the 6th over - 0 runs, 1 hit, 0 errors, 0 left on base; Pensacola 2 - Detroit 4
BOTTOM OF THE 6TH
Detroit Dirty Snow batting - Pitching for Pensacola Pilots : LHP Paul Mallette
Batting: RHB António Aguilera 0-0: Called Strike
0-1: Fly out, F6 (Line Drive, 6)
Batting: LHB Joe Hanson 0-0: Called Strike
0-1: Foul Ball, location: 2F
0-2: Ball
1-2: Strikes out looking
Batting: LHB Luis Salazar 0-0: SINGLE (Line Drive, 8RS)
Pitching: RHP Michael Clay
Batting: RHB José Wills 0-0: Ball
1-0: Called Strike
1-1: Called Strike
1-2: Foul Ball, location: 2F
1-2: Ball
2-2: Fly out, F8 (Flyball, 8RD)
Bottom of the 6th over - 0 runs, 1 hit, 0 errors, 1 left on base; Pensacola 2 - Detroit 4
TOP OF THE 7TH
Pensacola Pilots batting - Pitching for Detroit Dirty Snow : RHP Ánibal Medina
Batting: RHB Timothy Foster 0-0: Ball
1-0: Ball
2-0: Called Strike
2-1: Ball
3-1: Base on Balls
Pitching: LHP Sancho Espinoza
Batting: LHB Joe Vásquez 0-0: Ball
1-0: Ball
2-0: Called Strike
2-1: Called Strike
2-2: Ball
3-2: Strikes out swinging
Timothy Foster steals 2nd base
Batter strikes out.
Batting: RHB José Ramos 0-0: Ball
1-0: Ball
2-0: Called Strike
2-1: Ball
3-1: Base on Balls
Batting: RHB George Martin 0-0: Foul Ball, location: 2F
0-1: Ball
1-1: Foul Ball, location: 2F
1-2: Strikes out swinging
Batting: RHB Felipe Hernández 0-0: Called Strike
0-1: Foul Ball, location: 2F
0-2: Strikes out looking
Top of the 7th over - 0 runs, 0 hits, 0 errors, 2 left on base; Pensacola 2 - Detroit 4
BOTTOM OF THE 7TH
Detroit Dirty Snow batting - Pitching for Pensacola Pilots : RHP Michael Clay
Batting: RHB Mauro Peña 0-0: Ball
1-0: Foul Ball, location: 2F
1-1: Called Strike
1-2: Foul Ball, location: 2F
1-2: Ball
2-2: Strikes out looking
Batting: RHB Gustavo López 0-0: Ball
1-0: Ball
2-0: Ground out 3-1 (Groundball, 34)
Batting: SHB Víctor Torres 0-0: Ball
1-0: Ball
2-0: Called Strike
2-1: Ground out 4-3 (Groundball, 4D)
Bottom of the 7th over - 0 runs, 0 hits, 0 errors, 0 left on base; Pensacola 2 - Detroit 4
TOP OF THE 8TH
Pensacola Pilots batting - Pitching for Detroit Dirty Snow : LHP Sancho Espinoza
Batting: RHB Javier Senteno 0-0: Called Strike
0-1: Ball
1-1: Ground out U3 (Groundball, 34S)
Batting: SHB Jack Hendrix 0-0: Called Strike
0-1: Ball
1-1: Fly out, F8 (Flyball, 8LM)
Batting: SHB Carlos González 0-0: Called Strike
0-1: Foul Ball, location: 2F
0-2: Ball
1-2: Foul Ball, location: 2F
1-2: Ball
2-2: Strikes out swinging
Top of the 8th over - 0 runs, 0 hits, 0 errors, 0 left on base; Pensacola 2 - Detroit 4
BOTTOM OF THE 8TH
Detroit Dirty Snow batting - Pitching for Pensacola Pilots : RHP Michael Clay
Batting: RHB Phil Poole 0-0: Ball
1-0: Ball
2-0: Ball
3-0: Base on Balls
Batting: LHB Al Cramer 0-0: Ball
1-0: Sac Bunt - play at first, batter OUT! 5-3
Phil Poole to second
Batting: RHB António Aguilera 0-0: Called Strike
Phil Poole steals 3rd base
0-1: Ball
1-1: Fly out, F8 (Flyball, 8RD)
Runner from 3rd tags up, SCORES, throw made
Batting: LHB Joe Hanson 0-0: Called Strike
0-1: Called Strike
0-2: Strikes out looking
Bottom of the 8th over - 1 run, 0 hits, 0 errors, 0 left on base; Pensacola 2 - Detroit 5
TOP OF THE 9TH
Pensacola Pilots batting - Pitching for Detroit Dirty Snow : LHP Sancho Espinoza
Batting: LHB Preston Hamilton 0-0: Called Strike
0-1: Ball
1-1: Called Strike
1-2: Foul Ball, location: 2F
1-2: Foul Ball, location: 2F
1-2: Ground out 1-3 (Groundball, 15S)
Batting: RHB Timothy Foster 0-0: Ground out 6-3 (Groundball, 6)
Batting: LHB Joe Vásquez 0-0: DOUBLE (Groundball, 3L)
Batting: RHB José Ramos 0-0: Ball
1-0: Ball
2-0: SINGLE (Groundball, 6MD)
Joe Vásquez to third
Batting: RHB George Martin 0-0: Foul Ball, location: 2F
0-1: Called Strike
0-2: Fly out, F9 (Line Drive, 89D)
Top of the 9th over - 0 runs, 2 hits, 0 errors, 2 left on base; Pensacola 2 - Detroit 5
Saturday, April 7th, 2018 - OOTP Baseball 18.8 Build 76